Match 45524808
Unlisted

Match 45524808
End
Pioneer Squad
Selects Breakthrough Battlegroup
Selects Assault Grenadiers
Construct Infanterie Kompanie
Grenadier Squad
Grenadier Squad
MG 42 Machine Gun Team
Construct Panzergrenadier Kompanie
Panzergrenadier Squad
Infanterie Officer Quarters
MG 42 Machine Gun Team
Selects Rapid Production
Selects Smoke Bombing Run
251 Medium Carrier
Panzergrenadier Officer Quarters
Medical Station
Support Elements
Selects Blitzkrieg
StuG III G Assault Gun
Panzergrenadier Squad
Panzergrenadier Squad
Smoke Bombing Run
251 Medium Carrier
Panzergrenadier Squad
Smoke Bombing Run
Selects Tiger Heavy Tank
Selects Tiger Heavy Tank
Tiger Heavy Tank
Blitzkrieg
Alloyzy Klex
SEPH
P3prime
Ziggity
0
0

Comments sign in to comment!

No comments posted yet!